 Dungeon Crawl Stone Soup version 0.28-b1-1-g3c77fb2ed1 (webtiles) character file.

Game seed: 1138306261736724234

196 Descartes the Grasshopper (level 5, -1/22 HPs)
             Began as a Felid Warper on Jan 28, 2022.
             Succumbed to a water moccasin's poison
             ... on level 4 of the Dungeon.
             The game lasted 00:06:47 (4811 turns).

Descartes the Grasshopper (Felid Warper)            Turns: 4811, Time: 00:06:48

Health: -1/22      AC:  3    Str:  9    XL:     5   Next: 46%
Magic:  9/9        EV: 19    Int: 20    God:
Gold:   96         SH:  5    Dex: 16    Spells: 8/8 levels left
                                        Lives:  0   Deaths: 1

rFire   x . .      SeeInvis +     - Unarmed
rCold   + . .      Faith    .   (shield unavailable)
rNeg    . . .      Spirit   .   (armour unavailable)
rPois   .          Reflect  +   (helmet unavailable)
rElec   .          Harm     .   (cloak unavailable)
rCorr   .          Rampage  .   (gloves unavailable)
Will    .....                   (boots unavailable)
Stlth   +++.......              j - amulet of reflection
HPRegen 0.07/turn               i - +6 ring of intelligence
MPRegen 0.11/turn               c - ring of ice

@: brilliant, lethally poisoned (-1 -> -21), unable to read, quick
A: very small, claws 1, fangs 3, see invisible, speed 1, shaggy fur 1, stealthy
paws, no weapons or thrown items, no armour, multi-lived, iridescent scales 1,
mutation resistance 1, inability to read while threatened
a: no special abilities


You were on level 4 of the Dungeon.
You visited 1 branch of the dungeon, and saw 4 of its levels.

You collected 96 gold pieces.

Inventory:

Missiles
 f - 56 stones
Jewellery
 c - a ring of ice (right paw)
 i - a +6 ring of intelligence (left paw)
 j - an amulet of reflection (around neck)
 n - a +4 ring of slaying
Scrolls
 a - 2 scrolls of blinking
 d - a scroll of vulnerability {unknown}
 e - 3 scrolls of teleportation {unknown}
 h - 4 scrolls of noise
 m - a scroll of identify {unknown}
Potions
 b - 2 potions of degeneration
 l - a potion of cancellation {unknown}


   Skills:
 - Level 2.0 Fighting
 - Level 5.0 Dodging
 + Level 4.5 Stealth
 + Level 4.0 Unarmed Combat
 - Level 2.0 Spellcasting
 - Level 5.0 Translocations


You had 8 spell levels left.
You didn't know any spells.
Your spell library contained the following spells:

 Spells                   Type           Power      Damage    Failure   Level
 Blink                    Tloc           66%        N/A       3%          2
 Gell's Gravitas          Tloc           33%        N/A       6%          3
 Lesser Beckoning         Tloc           33%        N/A       6%          3
 Teleport Other           Tloc           33%        N/A       6%          3
 Foxfire                  Conj/Fire      12%        2x1d4     16%         1
 Summon Small Mammal      Summ           12%        N/A       16%         1
 Scorch                   Fire           6%         2d5       24%         2
 Call Canine Familiar     Summ           3%         N/A       43%         3
 Conjure Flame            Conj/Fire      3%         6-21      43%         3
 Inner Flame              Hex/Fire       3%         N/A       43%         3
 Summon Guardian Golem    Hex/Summ       3%         N/A       43%         3
 Manifold Assault         Tloc           33%        N/A       50%         5
 Flame Wave               Conj/Fire      3%         2d4       83%         4
 Summon Cactus Giant      Summ           1%         N/A       100%        6


Dungeon Overview and Level Annotations

Branches:
Dungeon (4/15)
 Temple: D:4-7

Altars:
Makhleb

Shops:
D:1 (


Innate Abilities, Weirdness & Mutations

You have sharp claws.
You have razor-sharp teeth.
You have supernaturally acute eyesight. (SInv)
You cover ground quickly. (Speed+)
You are covered in fur. (AC +1)
Your paws help you pounce on unaware monsters.
You are incapable of wielding weapons or throwing items.
You cannot wear armour.
You gain extra lives every three experience levels.
You are partially covered in iridescent scales. (AC +2)
You are somewhat resistant to further mutation.
You sometimes lose the ability to read scrolls when taking damage.


Message History

You feel better. You block the water moccasin's attack.
You scratch the water moccasin. You bite the water moccasin.
The water moccasin is severely wounded.
You block the water moccasin's attack.
You barely miss the water moccasin.
The water moccasin is severely wounded.
The water moccasin completely misses you.
You miss the water moccasin.
The water moccasin is severely wounded.
You block the water moccasin's attack.
The water moccasin bites you but does no damage.
You scratch the water moccasin but do no damage.
The water moccasin is severely wounded.
You can read scrolls again.
The water moccasin closely misses you.
You closely miss the water moccasin.
The water moccasin is severely wounded.
The water moccasin closely misses you.
You scratch the water moccasin but do no damage.
The water moccasin is severely wounded.
The water moccasin closely misses you. The water moccasin barely misses you.
You closely miss the water moccasin.
The water moccasin is severely wounded.
You block the water moccasin's attack.
You scratch the water moccasin but do no damage.
The water moccasin is severely wounded.
The water moccasin completely misses you.
You scratch the water moccasin. Your bite misses the water moccasin.
The water moccasin is almost dead.
You block the water moccasin's attack.
You barely miss the water moccasin.
The water moccasin is almost dead.
You block the water moccasin's attack. The water moccasin bites you!
You feel threatened and lose the ability to read scrolls!
* * * LOW HITPOINT WARNING * * *
You are lethally poisoned!
The water moccasin poisons you!
It was a potion of brilliance.
You feel clever all of a sudden.
You die...

# #...#.## ..
.. #.##..[#...
....#.
.......###
..#...#
###.....##
#....#.
#.......
#......#
#.....##
#..#.... ##
#....###
#.....#.#.# #
#.......
#...#..#@#
#:#......#####
#....#.S##..#
...........
.........)#
##########.
#.#...#.#######
#.
##..........#
#. ##.........#
####.
#...>....##
#....
#..#......##
#....
#..#...###.##
#...#


You could see a water moccasin.

Vanquished Creatures
  A bullfrog (D:4)
  2 orc wizards
  7 adders
  A dart slug (D:1)
  2 orcs (D:3)
  4 endoplasms
  3 giant cockroaches
  6 goblins
  7 hobgoblins
  4 jackals
  7 kobolds
  6 quokkas
  4 ball pythons
  5 bats
  7 frilled lizards
  7 rats
73 creatures vanquished.

Notes
Turn   | Place    | Note
-------+----------+-------------------------------------------
     0 | D:1      | Descartes the Felid Warper began the quest for the Orb.
     0 | D:1      | Reached XP level 1. HP: 9/9 MP: 4/4
   151 | D:1      | Found Qupt's Antique Weapon Shoppe.
   232 | D:1      | Reached skill level 1 in Stealth
   233 | D:1      | Found a faded altar of an unknown god.
   239 | D:1      | Reached XP level 2. HP: 13/13 MP: 6/6
  1175 | D:2      | Found a burning altar of Makhleb.
  1435 | D:2      | Reached XP level 3. HP: 15/16 MP: 7/7
  1463 | D:2      | Reached skill level 5 in Translocations
  2747 | D:3      | Reached XP level 4. HP: 19/19 MP: 8/8
  3311 | D:3      | Gained mutation: You sometimes lose the ability to read
                  | scrolls when taking damage. [potion of mutation]
  3311 | D:3      | Gained mutation: You are partially covered in iridescent
                  | scales. (AC +2) [potion of mutation]
  3311 | D:3      | Gained mutation: You are somewhat resistant to further
                  | mutation. [potion of mutation]
  3319 | D:3      | Slain by an adder
  3320 | D:3      | Reached XP level 3. HP: -1/16 MP: 7/7
  3715 | D:2      | Reached XP level 4. HP: 5/19 MP: 8/8
  4777 | D:4      | Noticed a water moccasin
  4778 | D:4      | Noticed a bullfrog
  4792 | D:4      | Killed a bullfrog
  4793 | D:4      | Reached skill level 5 in Dodging
  4793 | D:4      | Reached XP level 5. HP: 16/22 MP: 9/9
  4811 | D:4      | Succumbed to a water moccasin's poison

Illustrated notes

Levels and vault maps discovered:
D:1:      dpeg_arrival_another_circle, layout_basic, serial_shops,
          shop_fountains, basic_ecumenical_altar, minmay_misc_feat_four_crosses,
          hangedman_decor_push
D:2:      layout_basic, basic_altar, mrwooster_statue_mirror,
          grunt_ministairs_11
D:3:      layout_basic
D:4:      layout_loops_ring, kennysheep_mini, minivault_24,
          minmay_increasing_density

Skill      XL: |  1  2  3  4 |
---------------+-------------+-----
Stealth        | 1 2 4 |  4.5
Translocations | 5 |  5.0
Dodging        | 4 5 |  5.0
Unarmed Combat | 4 |  4.0
Fighting       | |  2.0
Spellcasting   | |  2.0

Action                   |  1- 3 |  4- 6 || total
-------------------------+-------+-------++-------
Melee: Unarmed           |   154 |   144 ||   298
       Bite              |    14 |     6 ||    20
       Punch             |     4 |     2 ||     6
  Use: Scroll            |     1 |       ||     1
       Potion            |       |     7 ||     7
 Stab: Sleeping          |    12 |     6 ||    18
Armor: Skin              |     7 |     9 ||    16
Dodge: Dodged            |    91 |   120 ||   211
Block: Other             |     9 |    38 ||    47
       Reflection        |       |     1 ||     1
